 Dungeon Crawl Stone Soup version 0.29.1-13-g9f3cf754e1 (webtiles) character file.

Game seed: 5622473936849160697

278769 DoIIoM the Scorcher (level 20, -58/144 HPs)
             Began as an Octopode Summoner on Feb 5, 2023.
             Was the Champion of Vehumet.
             Annihilated by an enormous slime creature (66 damage)
             ... on level 3 of the Vaults on Feb 7, 2023.
             The game lasted 03:30:12 (40468 turns).

DoIIoM the Scorcher (Octopode Summoner)            Turns: 40468, Time: 03:30:13

Health: -58/144    AC:  7    Str:  9    XL:     20   Next: 43%
Magic:  56/56      EV: 12    Int: 30    God:    Vehumet [******]
Gold:   3625       SH: 12    Dex: 22    Spells: 4/48 levels left

rFire   + + +      SeeInvis +   B - +6 spear "Nionoav" {speed, rF+ rCorr Stlth+}
rCold   + . .      Faith    .   c - +0 kite shield
rNeg    . . .      Spirit   .   E - +2 hat
rPois   +          Reflect  .   o - amulet of regeneration
rElec   +          Harm     .   M - ring of wizardry
rCorr   +          Rampage  .   e - +4 ring of protection
Will    ++...                   w - ring of Immorality {rPois MP+9}
Stlth   ++++++....              H - +6 ring of intelligence
HPRegen 1.14/turn               s - ring of Nuugujet {rF+ Will+ Stlth+}
MPRegen 0.35/turn               P - ring "Tyej" {Contam Fly Dex+9 Slay+3 SInv}
                                L - ring of magical power
                                R - ring of Summertime {Drain rElec rF+ rC+ rCorr}

@: flying, studying Ranged Weapons
A: almost no armour, amphibious, 8 rings, camouflage 1, gelatinous body 1,
(nimble swimmer 1), tentacles, wild magic 1
}: 2/15 runes: serpentine, barnacled
a: Renounce Religion


You were on level 3 of the Vaults.
You worshipped Vehumet.
Vehumet was exalted by your worship.
You visited 7 branches of the dungeon, and saw 34 of its levels.
You also visited: Bailey.

You collected 4488 gold pieces.
You spent 863 gold pieces at shops.

Inventory:

Hand Weapons
 B - the +6 spear "Nionoav" (weapon) {speed, rF+ rCorr Stlth+}
   (You found it on level 7 of the Dungeon)

   Attacks with this weapon are significantly faster.
   rF:        It protects you from fire.
   rCorr:     It protects you from acid and corrosion.
   Stlth:     It makes you more stealthy.
Missiles
 k - 10 throwing nets
Armour
 c - a +0 kite shield (worn)
 E - a +2 hat (worn)
Magical Staves
 K - a staff of cold
Jewellery
 d - the ring "Ofaogg" {Ice Dex+4}
   (You found it on level 5 of the Lair of Beasts)

   [ring of ice]

   It enhances your ice magic.
   Dex:       It affects your dexterity (+4).
   rF:        It makes you vulnerable to fire.
   rC:        It protects you from cold.
 e - a +4 ring of protection (right tentacle)
 h - the ring of Ahiol {rF+ rC+ rN+ Str+5 Dex-3}
   (You found it on level 2 of the Snake Pit)

   [ring of protection from cold]

   Str:       It affects your strength (+5).
   Dex:       It affects your dexterity (-3).
   rF:        It protects you from fire.
   rC:        It protects you from cold.
   rN:        It protects you from negative energy.
 n - a ring of fire
 o - an amulet of regeneration (around mantle)
 r - a +6 ring of intelligence
 s - the ring of Nuugujet (on tentacle) {rF+ Will+ Stlth+}
   (You found it on level 3 of the Shoals)

   [ring of protection from fire]

   rF:        It protects you from fire.
   Will:      It increases your willpower.
   Stlth:     It makes you more stealthy.
 u - an amulet of faith
 w - the ring of Immorality (on tentacle) {rPois MP+9}
   (You found it on level 6 of the Dungeon)

   [ring of magical power]

   rPois:     It protects you from poison.
   MP:        It affects your magic capacity (+9).
 F - a ring of protection from cold
 H - a +6 ring of intelligence (on tentacle)
 L - a ring of magical power (on tentacle)
 M - a ring of wizardry (left tentacle)
 P - the ring "Tyej" (on tentacle) {Contam Fly Dex+9 Slay+3 SInv}
   (You took it off a rakshasa on level 12 of the Dungeon)

   [ring of flight]

   Dex:       It affects your dexterity (+9).
   Slay:      It affects your accuracy & damage with ranged weapons and melee
   (+3).
   SInv:      It lets you see invisible.
   Fly:       It grants you flight.
   Contam:    It causes magical contamination when unequipped.
 R - the ring of Summertime (on tentacle) {Drain rElec rF+ rC+ rCorr}
   (You found it on level 12 of the Dungeon)

   [ring of protection from fire]

   rF:        It protects you from fire.
   rC:        It protects you from cold.
   rElec:     It insulates you from electricity.
   rCorr:     It protects you from acid and corrosion.
   Drain:     It drains your maximum health when unequipped.
 X - a ring of ice
 Z - a ring of protection from fire
Wands
 g - a wand of charming (13)
 x - a wand of flame (104)
 A - a wand of digging (8)
 N - a wand of acid (38)
 U - a wand of iceblast (20)
 V - a wand of polymorph (6)
 W - a wand of mindburst (6)
Scrolls
 f - 15 scrolls of identify
 i - 6 scrolls of fear
 j - 6 scrolls of brand weapon
 p - 14 scrolls of teleportation
 t - 7 scrolls of magic mapping
 v - 6 scrolls of fog
 y - 8 scrolls of amnesia
 D - 6 scrolls of poison
 I - 5 scrolls of blinking
 J - 9 scrolls of enchant weapon
 T - 3 scrolls of summoning
Potions
 a - 4 potions of magic
 b - 2 potions of brilliance
 l - 8 potions of heal wounds
 m - 17 potions of curing
 q - a potion of berserk rage
 z - 5 potions of mutation
 C - 7 potions of might
 G - 2 potions of resistance
 O - 3 potions of cancellation
 Q - 5 potions of ambrosia
 S - a potion of invisibility
 Y - 9 potions of haste


   Skills:
 + Level 14.7 Fighting
 - Level 2.0 Dodging
 - Level 3.3 Stealth
 * Level 7.6 Shields
 + Level 14.9 Spellcasting
 + Level 14.6 Conjurations
 - Level 11.0 Summonings
 - Level 11.3 Transmutations
 + Level 15.2 Fire Magic
 - Level 8.0 Air Magic
 - Level 12.0 Earth Magic


You had 4 spell levels left.
You knew the following spells:

 Your Spells              Type           Power      Damage    Failure   Level
a - Summon Guardian Gole  Hex/Summ       64%        N/A       1%          3
b - Call Imp              Summ           86%        N/A       1%          2
c - Call Canine Familiar  Summ           86%        N/A       1%          3
d - Summon Lightning Spi  Summ/Air       80%        N/A       1%          4
e - Statue Form           Tmut/Erth      58%        N/A       4%          6
f - Lee's Rapid Deconstr  Erth           44%        3d22*     1%          5
g - Foxfire               Conj/Fire      100%       2x1d9     1%          1
h - Fireball              Conj/Fire      49%        3d19      1%          5
i - Spellforged Servitor  Conj/Summ      46%        N/A       4%          7
j - Lehudib's Crystal Sp  Conj/Erth      46%        10d11     19%         8

Your spell library contained the following spells:

 Spells                   Type           Power      Damage    Failure   Level
 Fire Storm               Conj/Fire      49%        8d12      71%         9
 Shatter                  Erth           44%        3d34*     96%         9
 Freeze                   Ice            100%       1d11      1%          1
 Sandblast                Erth           100%       2d20      1%          1
 Shock                    Conj/Air       100%       1d9       1%          1
 Sting                    Tmut/Pois      100%       1d8       1%          1
 Summon Small Mammal      Summ           100%       N/A       1%          1
 Passwall                 Tmut/Erth      73%        N/A       1%          2
 Poisonous Vapours        Pois/Air       100%       N/A       1%          2
 Static Discharge         Conj/Air       87%        3-14/arc  1%          2
 Wereblood                Tmut           87%        N/A       1%          2
 Conjure Flame            Conj/Fire      98%        6-21      1%          3
 Dazzling Flash           Conj/Hex       100%       N/A       1%          3
 Ignite Poison            Fire/Tmut/Pois 78%        N/A       1%          3
 Inner Flame              Hex/Fire       73%        N/A       1%          3
 Mephitic Cloud           Conj/Pois/Air  73%        N/A       1%          3
 Stone Arrow              Conj/Erth      100%       3d13      1%          3
 Swiftness                Air            75%        N/A       1%          3
 Airstrike                Air            37%        2d(6-22)  1%          4
 Flame Wave               Conj/Fire      98%        2d20      1%          4
 Fulminant Prism          Conj/Hex       36%        3d18      1%          4
 Hailstorm                Conj/Ice       72%        3d15      1%          4
 Iskenderun's Mystic Bla  Conj/Tloc      72%        2d15      1%          4
 Frozen Ramparts          Ice            58%        1d9       2%          3
 Apportation              Tloc           58%        N/A       3%          1
 Slow                     Hex            100%       N/A       3%          1
 Leda's Liquefaction      Hex/Erth       33%        N/A       3%          4
 Blink                    Tloc           58%        N/A       5%          2
 Sublimation of Blood     Necr           29%        N/A       5%          2
 Olgreb's Toxic Radiance  Pois           29%        N/A       8%          4
 Confusing Touch          Hex            29%        N/A       9%          3
 Lesser Beckoning         Tloc           29%        N/A       9%          3
 Portal Projectile        Hex/Tloc       58%        N/A       9%          3
 Corpse Rot               Necr/Pois/Air  49%        N/A       11%         4
 Dispel Undead            Necr           29%        3d13      26%         4
 Blade Hands              Tmut           43%        N/A       1%          5
 Freezing Cloud           Conj/Ice/Air   36%        6-21      1%          5
 Lightning Bolt           Conj/Air       43%        1d63      1%          5
 Iron Shot                Conj/Erth      46%        9d9       1%          6
 Starburst                Conj/Fire      49%        6d13      1%          6
 Summon Cactus Giant      Summ           43%        N/A       5%          6
 Alistair's Intoxication  Tmut/Pois      43%        N/A       9%          5
 Summon Forest            Summ/Tloc      32%        N/A       9%          5
 Summon Mana Viper        Hex/Summ       64%        N/A       9%          5
 Summon Hydra             Summ           43%        N/A       26%         7
 Manifold Assault         Tloc           29%        N/A       56%         5
 Maxwell's Capacitive Co  Air            37%        ∞         75%         8
 Death Channel            Necr           14%        N/A       97%         6
 Animate Armour           Summ/Erth      Unusable   N/A       N/A         4

Dungeon Overview and Level Annotations

Branches:
Dungeon (15/15)            Temple (1/1) D:5            Lair (5/5) D:8
 Shoals (4/4) Lair:2        Snake (4/4) Lair:3        Slime (0/5) Lair:5
    Orc (2/2) D:11            Elf (0/3) Orc:2        Vaults (3/5) D:13
  Crypt (0/3) Vaults:2     Depths (0/4) D:15         Bailey (visited)

Altars:
Ashenzari
Cheibriados
Dithmenos
Elyvilon
Fedhas
Gozag
Hepliaklqana
Kikubaaqudgha
Makhleb
Nemelex Xobeh
Okawaru
Qazlal
Ru
Sif Muna
Trog
Uskayaw
Vehumet
Wu Jian
Xom
Yredelemnul
Zin
The Shining One

Shops:
D:14 [![   Orc:2 *[=(   Vaults:2 [   Vaults:3 !

Annotations:
D:3 Sigmund
D:5 2 transporters


Innate Abilities, Weirdness & Mutations

You cannot wear most types of armour.
You are amphibious.
You can wear up to eight rings at the same time.
Your skin changes colour to match your surroundings (Stealth+).
Your rubbery body absorbs attacks. (AC +1, EV +1)
((You are camouflaged when in or above water. (Stealth+)))
You have tentacles for arms and can constrict up to eight enemies at once.
Your spells are a little harder to cast, but a little more powerful.


Message History

You block the very large slime creature's attack.
You puncture the very large slime creature!
You squeeze the very large slime creature!
The very large slime creature is heavily wounded.
The very large slime creature barely misses you.
You puncture the very large slime creature!
The very large slime creature is severely wounded.
Your transformation is almost over.
You block the very large slime creature's attack. x2
You puncture the very large slime creature!
The very large slime creature is severely wounded.
Two slime creatures merge to form an enormous slime creature.
You hit the enormous slime creature.
You squeeze the enormous slime creature!
The enormous slime creature is heavily wounded.
You puncture the enormous slime creature!
The enormous slime creature is severely wounded.
The enormous slime creature hits you!
You puncture the enormous slime creature!
You squeeze the enormous slime creature!
The enormous slime creature is severely wounded.
The enormous slime creature hits you but does no damage.
You block the enormous slime creature's attack.
You puncture the enormous slime creature!
Your squeeze misses the enormous slime creature.
The enormous slime creature is severely wounded.
The enormous slime creature hits you!!!
You impale the enormous slime creature!!
You squeeze the enormous slime creature!
The enormous slime creature is almost dead.
The enormous slime creature barely misses you.
You impale the enormous slime creature!!
You squeeze the enormous slime creature!
The enormous slime creature is almost dead.
You revert to your normal fleshy form.
The enormous slime creature hits you!!!!
Ouch! That really hurt!
* * * LOW HITPOINT WARNING * * *
The enormous slime creature hits you!!!
You die...

### ... #.# .♣
#.# . . #.# .∩
. #J# ...♣.#@#
♣.♣..#.#####+#
.♣...........#
..............#
####....<.....#
##.........#
#.........#
#.........#
#.........#


You could see an enormous slime creature.

Vanquished Creatures
  The ghost of case the Executioner, an adept MiBe of Trog (Shoals:3)
  A nagaraja (Snake:4)
  Kirke (Snake:4)
  Ilsuiw (Shoals:3)
  Aizul (Shoals:4)
  A vault warden (Vaults:2)
  2 ironbound preservers
  A very ugly thing (Vaults:2)
  Azrael (Snake:1)
  2 eleionomae (Shoals:3)
  A green death (Snake:2)
  3 merfolk impalers
  2 merfolk javelineers (Shoals:4)
  Fannar (Lair:3)
  3 great orbs of eyes
  A yaktaur captain (Vaults:1)
  A hydra (D:12)
  A rakshasa (D:12)
  A salamander tyrant (Snake:4)
  An ogre mage (D:12)
  2 boulder beetles
  3 ironbound frosthearts
  2 two-headed ogres
  7 anacondas
  6 naga warriors
  A merfolk aquamancer (Shoals:4)
  3 centaur warriors
  2 satyrs
  An orc high priest (Orc:1)
  4 shock serpents
  3 naga sharpshooters
  2 skeletal warriors
  2 salamander mystics
  A goliath frog (Lair:5)
  8 deep trolls
  5 sea snakes
  6 naga ritualists
  6 lindwurms (Vaults:1)
  4 harpies
  4 ironbound convokers
  3 wizards
  6 cyclopes
  8 salamanders
  A wolf spider (D:15)
  5 orc sorcerers (Orc:2)
  7 mana vipers
  8 ugly things
  8 manticores
  11 fauns
  An elephant (Lair:3)
  A moth of wrath (Shoals:3)
  5 merfolk sirens
  7 guardian serpents
  4 vault sentinels (Vaults:2)
  20 black mambas
  7 cane toads (Lair:5)
  9 naga magi
  A torpor snail (Lair:5)
  6 water nymphs
  2 gargoyles
  2 rime drakes
  An unseen horror (D:10)
  2 efreet
  4 kobold demonologists
  10 yaktaurs
  5 komodo dragons
  2 meliai (D:14)
  18 merfolk
  A wind drake (shapeshifter) (D:15)
  A polar bear (Lair:4)
  2 trolls
  9 wind drakes
  2 dream sheep (Lair:5)
  15 blink frogs
  A snapping turtle (Shoals:4)
  6 slime creatures
  13 water elementals
  22 yaks
  3 air elementals (Shoals:4)
  A nameless horror (Vaults:2)
  A wyvern (D:9)
  4 wraiths
  A golden eye (shapeshifter) (D:14)
  A basilisk (D:12)
  2 hogs (Snake:4)
  2 vampire mosquitoes (Lair:5)
  3 fire elementals (Snake:1)
  A steam dragon (D:9)
  2 wargs (Orc:1)
  21 nagas
  2 acid dragons (D:13)
  10 water moccasins
  An orc warrior (D:7)
  2 sky beasts (D:7)
  An ice beast (D:7)
  A black bear (D:6)
  4 ogres
  4 centaurs
  A kobold brigand (D:13)
  6 wolves
  14 bullfrogs
  A necrophage (D:6)
  A howler monkey (D:12)
  3 electric eels
  A jelly (D:6)
  A hound (D:5)
  A gnoll bouda (Bailey)
  6 orc priests
  Terence (D:3)
  An iguana (D:6)
  14 orc wizards
  7 gnolls
  An adder (D:4)
  10 white imps
  An ufetubus (D:3)
  2 dart slugs
  40 orcs
  7 endoplasms
  4 giant cockroaches
  6 hobgoblins
  9 jackals
  A quokka (D:1)
  5 ball pythons
  5 bats
  2 frilled lizards (D:3)
  8 goblins
  12 kobolds
  5 rats
578 creatures vanquished.

Vanquished Creatures (collateral kills)
  Jory (Vaults:2)
  A bone dragon (Vaults:2)
  2 quicksilver dragons (Snake:4)
  Polyphemus (Shoals:4)
  5 nagarajas (Snake:4)
  A storm dragon (Shoals:4)
  A vault warden (Vaults:2)
  The ghost of raetorn the Bewitcher, an adept FeSu of Gozag (Vaults:2)
  5 very ugly things
  5 ironbound preservers
  2 ironbound thunderhulks
  A dire elephant (D:15)
  A green death (Snake:2)
  9 merfolk impalers
  5 yaktaur captains
  A great orb of eyes (Vaults:2)
  A salamander tyrant (Snake:4)
  5 boulder beetles
  2 hydras
  An ogre mage (D:15)
  2 merfolk avatars
  2 alligator snapping turtles
  5 anacondas
  2 ironbound frosthearts (Vaults:2)
  3 merfolk aquamancers (Shoals:4)
  4 centaur warriors
  2 catoblepae
  11 two-headed ogres
  3 satyrs (Shoals:3)
  7 naga warriors
  A death yak (Shoals:4)
  Urug (D:10)
  6 naga sharpshooters
  6 shock serpents
  A skeletal warrior (D:13)
  2 salamander mystics
  4 sea snakes
  4 naga ritualists
  13 deep trolls
  2 harpies (Shoals:4)
  2 mana vipers
  A deep elf zephyrmancer (D:13)
  3 lindwurms (Vaults:1)
  5 ironbound convokers
  A deep elf pyromancer (D:11)
  3 orc sorcerers (Orc:2)
  7 cyclopes
  5 ugly things
  5 fauns
  5 salamanders
  3 merfolk sirens
  6 manticores
  18 black mambas
  5 guardian serpents
  10 naga magi
  5 water nymphs
  2 torpor snails
  A vault sentinel (Vaults:1)
  6 cane toads
  An efreet (D:15)
  2 unseen horrors
  9 yaktaurs
  A rime drake (Lair:3)
  A freezing wraith (D:15)
  A komodo dragon (Lair:5)
  6 polar bears
  A meliai (D:14)
  A troll (shapeshifter) (D:15)
  11 merfolk
  2 tyrant leeches (Lair:5)
  A hornet (D:8)
  2 trolls
  5 wind drakes
  14 slime creatures
  13 blink frogs
  6 dream sheep
  3 snapping turtles
  An air elemental (Shoals:4)
  A fire elemental (Snake:1)
  2 wraiths
  3 wyverns
  5 water elementals
  A hog (shapeshifter) (D:15)
  5 hogs (Snake:4)
  26 yaks
  2 basilisks (Lair:2)
  3 vampire mosquitoes (Lair:5)
  14 nagas
  5 wargs (Orc:2)
  The ghost of kalagan the Conjurer, an amateur DECj (D:3)
  2 ice beasts
  5 water moccasins
  2 hell hounds (Snake:1)
  A black bear (D:8)
  16 orc warriors
  2 wolves
  A centaur (D:10)
  8 ogres
  3 kobold brigands
  A necrophage (D:7)
  7 gnoll sergeants
  6 bullfrogs
  6 killer bees (D:9)
  2 howler monkeys (D:9)
  3 electric eels
  6 orc priests
  2 hounds (Bailey)
  2 jellies (D:6)
  5 gnoll boudas
  25 orc wizards
  2 nameless horrors
  18 gnolls
  2 adders
  3 white imps (D:11)
  53 orcs
  3 goblins (D:9)
  A hobgoblin (D:4)
  12 kobolds
  A foxfire (Lair:3)
574 creatures vanquished.

Vanquished Creatures (others)
  Jorgrun (Orc:2)
  An ironbound preserver (Vaults:2)
  Snorg (D:11)
  A merfolk javelineer (Shoals:4)
  3 merfolk impalers
  2 hydras
  A salamander tyrant (Snake:4)
  2 naga warriors
  2 centaur warriors
  3 anacondas
  A merfolk aquamancer (Shoals:4)
  A death yak (Shoals:4)
  A satyr (Shoals:2)
  A naga sharpshooter (Snake:3)
  2 skeletal warriors (D:13)
  3 naga ritualists
  2 deep trolls (Vaults:1)
  An ironbound convoker (Vaults:1)
  A harpy (Shoals:4)
  An orc sorcerer (Orc:2)
  2 manticores
  2 fauns
  Joseph (D:9)
  A water nymph (Shoals:4)
  A merfolk siren (Shoals:2)
  A naga mage (Snake:3)
  4 black mambas
  Maggie (D:10)
  3 yaktaurs
  A troll (D:10)
  2 merfolk
  A wind drake (Shoals:4)
  A hornet (D:10)
  2 blink frogs (Lair:5)
  2 dream sheep (Lair:5)
  2 snapping turtles
  7 water elementals (Shoals:4)
  15 yaks
  2 wargs (Orc:2)
  An acid dragon (D:12)
  A water moccasin (Lair:3)
  2 orc warriors
  2 ogres
  A wolf (Bailey)
  A kobold brigand (D:8)
  A howler monkey (D:12)
  3 orcs
  70 foxfires
  20 fungi
  115 plants
299 creatures vanquished.

Grand Total: 1451 creatures vanquished

Notes
Turn   | Place    | Note
-------+----------+-------------------------------------------
     0 | D:1      | DoIIoM the Octopode Summoner began the quest for the Orb.
     0 | D:1      | Reached XP level 1. HP: 11/11 MP: 3/3
   627 | D:1      | Reached XP level 2. HP: 18/18 MP: 5/5
   980 | D:1      | Found a faded altar of an unknown god.
  1580 | D:1      | Reached skill level 1 in Fighting
  2034 | D:1      | Reached XP level 3. HP: 23/23 MP: 6/6
  2393 | D:2      | Learned a level 2 spell: Call Imp
  2907 | D:2      | Reached XP level 4. HP: 22/29 MP: 6/8
  3261 | D:3      | Noticed Sigmund
  3869 | D:3      | Found a runed translucent door.
  3869 | D:3      | Noticed kalagan's ghost (amateur DECj)
  4108 | D:3      | Noticed Terence
  4126 | D:3      | Killed Terence
  4127 | D:3      | Reached XP level 5. HP: 15/35 MP: 5/9
  4541 | D:3      | Learned a level 3 spell: Call Canine Familiar
  4565 | D:3      | Killed kalagan's ghost
  4566 | D:3      | Reached skill level 5 in Summonings
  4566 | D:3      | Reached XP level 6. HP: 17/42 MP: 0/11
  4842 | D:4      | You are sucked into a shaft and drop 1 floor!
  4842 | D:5      | Entered Level 5 of the Dungeon
  4842 | D:5      | Found a staircase to the Ecumenical Temple.
  4847 | Temple   | Entered the Ecumenical Temple
  4976 | Temple   | Became a worshipper of Vehumet
  5392 | D:4      | Noticed an ice beast
  5446 | D:4      | Killed an ice beast
  5824 | D:4      | Reached XP level 7. HP: 47/47 MP: 8/13
  6162 | D:5      | Found a transporter.
  6214 | D:5      | Found a transporter.
  6359 | D:6      | Identified the ring of Immorality {rPois MP+9}
  6851 | D:6      | Reached XP level 8. HP: 54/54 MP: 12/15
  6855 | D:6      | Learned a level 3 spell: Summon Guardian Golem
  6860 | D:6      | Learned a level 4 spell: Summon Lightning Spire
  6935 | D:6      | Reached * piety under Vehumet
  6935 | D:6      | Offered knowledge of Sandblast by Vehumet.
  6944 | D:6      | Reached skill level 5 in Spellcasting
  6995 | D:6      | Reached skill level 5 in Fighting
  7632 | D:7      | Identified the +6 spear "Nionoav" {speed, rF+ rCorr Stlth+}
  8082 | D:7      | Found a basalt altar of Yredelemnul.
  8102 | D:7      | Reached XP level 9. HP: 34/62 MP: 18/18
  8212 | D:7      | Reached skill level 1 in Air Magic
  8329 | D:7      | Found a burning altar of Makhleb.
  8455 | D:8      | Noticed a two-headed ogre
  8471 | D:8      | Killed a two-headed ogre
  8589 | D:8      | Noticed a hornet
  8597 | D:8      | Killed a hornet
  8748 | D:8      | Offered knowledge of Searing Ray by Vehumet.
  8750 | D:8      | Reached ** piety under Vehumet
  8995 | D:8      | Found a staircase to the Lair.
  9009 | D:8      | Learned a level 6 spell: Statue Form
  9293 | D:9      | Found a hazy altar of Hepliaklqana.
  9332 | D:9      | Found a flagged portal.
  9334 | D:9      | Noticed Joseph
  9588 | Bailey   | Entered a bailey
  9594 | Bailey   | Reached XP level 10. HP: 65/71 MP: 20/20
  9653 | Bailey   | Reached skill level 1 in Earth Magic
  9656 | Bailey   | Reached skill level 1 in Transmutations
  9723 | Bailey   | Reached skill level 5 in Air Magic
  9779 | Bailey   | Offered knowledge of Scorch by Vehumet.
  9837 | Bailey   | Identified the +0 plate armour of the Monkey {Drain +Inv
                  | rElec Int+3}
 10128 | Bailey   | Learned a level 5 spell: Lee's Rapid Deconstruction
 10204 | D:9      | Killed Joseph
 10309 | D:9      | Reached *** piety under Vehumet
 10767 | D:9      | Offered knowledge of Olgreb's Toxic Radiance by Vehumet.
 10843 | D:9      | Found a hide-covered altar of Uskayaw.
 10843 | D:9      | Found a white marble altar of Elyvilon.
 10872 | D:9      | Reached XP level 11. HP: 51/75 MP: 21/21
 11017 | D:9      | Noticed a two-headed ogre
 11025 | D:9      | Killed a two-headed ogre
 11194 | D:10     | Entered Level 10 of the Dungeon
 11202 | D:10     | Noticed Urug
 11213 | D:10     | Killed Urug
 11214 | D:10     | Reached skill level 5 in Earth Magic
 11257 | D:10     | Reached skill level 5 in Transmutations
 11293 | D:10     | Identified the +9 morningstar "Gituego" {vamp, rN+}
 11366 | D:10     | Reached skill level 10 in Summonings
 11488 | D:10     | Reached **** piety under Vehumet
 11490 | D:10     | Offered knowledge of Iskenderun's Battlesphere by Vehumet.
 11590 | D:10     | Noticed Maggie
 11604 | D:10     | Killed Maggie
 12446 | D:11     | Noticed a two-headed ogre
 12456 | D:11     | Killed a two-headed ogre
 12531 | D:11     | Noticed a deep elf pyromancer
 12543 | D:11     | Killed a deep elf pyromancer
 12595 | D:11     | Noticed Snorg
 12608 | D:11     | Killed Snorg
 12609 | D:11     | Reached XP level 12. HP: 81/81 MP: 14/22
 12964 | D:11     | Reached ***** piety under Vehumet
 12968 | D:11     | Noticed a seven-headed hydra
 12969 | D:11     | Noticed a two-headed ogre
 12977 | D:11     | Killed a seven-headed hydra
 12991 | D:11     | Killed a two-headed ogre
 12991 | D:11     | Offered knowledge of Fulminant Prism by Vehumet.
 13187 | D:11     | Learned a level 1 spell: Foxfire
 13363 | D:11     | Found a staircase to the Orcish Mines.
 13631 | D:11     | Gained mutation: Your spells are a little harder to cast,
                  | but a little more powerful. [mutagenic glow]
 13723 | Orc:1    | Entered Level 1 of the Orcish Mines
 13759 | Orc:1    | Reached skill level 1 in Fire Magic
 13759 | Orc:1    | Noticed an orc high priest
 13765 | Orc:1    | Killed an orc high priest
 13777 | Orc:1    | Reached skill level 2 in Fire Magic
 13971 | Orc:1    | HP: 4/81 [gnoll sergeant/+0 vorpal spear (3)]
 14281 | Orc:2    | Entered Level 2 of the Orcish Mines
 14281 | Orc:2    | Noticed a two-headed ogre
 14287 | Orc:2    | Killed a two-headed ogre
 14366 | Orc:2    | Reached skill level 3 in Fire Magic
 14759 | Orc:2    | Reached skill level 4 in Fire Magic
 14809 | Orc:2    | Found Zieheonusch's Jewellery Emporium.
 14809 | Orc:2    | Found Nesoa's Antique Weapon Shop.
 14869 | Orc:2    | Paralysed by an orc sorcerer for 4 turns
 14900 | Orc:2    | Noticed a soul eater
 15064 | Orc:2    | Reached XP level 13. HP: 86/86 MP: 12/23
 15067 | Orc:2    | Reached skill level 5 in Fire Magic
 15284 | Orc:2    | Noticed Jorgrun
 15308 | Orc:2    | Killed Jorgrun
 15488 | Orc:2    | Bought a ring of magical power for 360 gold pieces
 15581 | Orc:2    | Found a staircase to the Elven Halls.
 15869 | Orc:2    | Found Mosis's Assorted Antiques.
 15869 | Orc:2    | Found Niucs's Antique Armour Shop.
 16326 | D:12     | Reached skill level 10 in Earth Magic
 16471 | D:12     | Offered knowledge of Ozocubu's Refrigeration by Vehumet.
 16472 | D:12     | Reached skill level 6 in Fire Magic
 16476 | D:12     | Reached skill level 10 in Transmutations
 16479 | D:12     | Identified the +6 dagger "Kodem" {speed, Int+4}
 16710 | D:12     | Reached skill level 7 in Fire Magic
 16895 | D:12     | Identified the +4 morningstar of Qatot {freeze, *Rage
                  | Int+6}
 17057 | D:12     | Identified the ring "Tyej" {Contam Fly Dex+9 Slay+3 SInv}
 17057 | D:12     | Noticed a rakshasa
 17090 | D:12     | Killed a rakshasa
 17316 | D:12     | Reached skill level 8 in Fire Magic
 17316 | D:12     | Reached XP level 14. HP: 92/92 MP: 24/24
 17334 | D:12     | Identified the ring of Summertime {Drain rElec rF+ rC+
                  | rCorr}
 18162 | Lair:1   | Entered Level 1 of the Lair of Beasts
 18180 | D:8      | Reached skill level 1 in Conjurations
 18461 | Lair:1   | Identified the +8 long sword "Tecoc" {flame, Fragile rElec
                  | rN+}
 18770 | Lair:1   | Identified the +8 arbalest "Goaxzoomn" {penet, rElec}
 19857 | Lair:2   | Found a staircase to the Shoals.
 20005 | Lair:3   | Found a staircase to the Snake Pit.
 20043 | Lair:3   | Offered knowledge of Conjure Ball Lightning by Vehumet.
 20304 | Lair:3   | Noticed Fannar
 20308 | Lair:3   | Killed Fannar
 21068 | Lair:4   | Identified the +5 scale mail of Fortification {*Corrode
                  | Drain rElec rPois SInv}
 21077 | Lair:4   | Reached skill level 9 in Fire Magic
 21986 | Lair:5   | Entered Level 5 of the Lair of Beasts
 22081 | Lair:5   | Reached ****** piety under Vehumet
 22081 | Lair:5   | Offered knowledge of Fireball by Vehumet.
 22154 | Lair:5   | Reached XP level 15. HP: 100/100 MP: 27/27
 22160 | Lair:5   | Learned a level 5 spell: Fireball
 22236 | Lair:5   | Reached skill level 5 in Conjurations
 22274 | Lair:5   | Reached skill level 10 in Fire Magic
 22446 | Lair:5   | Found a staircase to the Slime Pits.
 22698 | Lair:5   | Identified the ring "Ofaogg" {Ice Dex+4}
 23094 | Shoals:1 | Entered Level 1 of the Shoals
 23416 | Shoals:1 | Offered knowledge of Orb of Destruction by Vehumet.
 23691 | Shoals:2 | Reached skill level 10 in Fighting
 23966 | Shoals:2 | Identified the +3 ring mail of Philately {Will+ Dex+4}
 24267 | Shoals:2 | Reached skill level 11 in Fire Magic
 24629 | Shoals:3 | Noticed Ilsuiw
 24649 | Shoals:3 | Killed Ilsuiw
 24741 | Shoals:3 | Reached XP level 16. HP: 110/110 MP: 29/29
 24938 | Shoals:3 | Found a transporter.
 24951 | Shoals:3 | Found a transporter.
 24953 | Shoals:3 | Reached skill level 10 in Spellcasting
 25216 | Shoals:3 | Identified the ring of Nuugujet {rF+ Will+ Stlth+}
 25452 | Shoals:3 | Noticed case's ghost (adept MiBe)
 25453 | Shoals:3 | Found a bloodstained altar of Trog.
 25700 | Shoals:3 | Got the Tome of Fascination
 25787 | Shoals:3 | Killed case's ghost
 25981 | Shoals:4 | Entered Level 4 of the Shoals
 26149 | Shoals:4 | Reached skill level 12 in Fire Magic
 26189 | Shoals:4 | Offered knowledge of Spellforged Servitor by Vehumet.
 26300 | Shoals:4 | Learned a level 7 spell: Spellforged Servitor
 26332 | Shoals:4 | Noticed a storm dragon
 26343 | Shoals:4 | Killed a storm dragon
 26502 | Shoals:4 | Paralysed by an air elemental for 1 turns
 26524 | Shoals:4 | Paralysed by an air elemental for 1 turns
 26679 | Shoals:4 | Noticed Polyphemus
 26689 | Shoals:4 | Killed Polyphemus
 26690 | Shoals:4 | Reached skill level 10 in Conjurations
 26690 | Shoals:4 | Reached XP level 17. HP: 117/117 MP: 9/32
 26810 | Shoals:4 | Got a barnacled rune of Zot
 26870 | Shoals:4 | Noticed Aizul
 26881 | Shoals:4 | Killed Aizul
 27222 | Shoals:4 | Identified a scroll of acquirement
 27224 | Shoals:4 | Acquired 645 gold pieces
 27307 | Shoals:4 | Offered knowledge of Maxwell's Capacitive Coupling by
                  | Vehumet.
 27315 | Shoals:4 | Paralysed by an air elemental for 1 turns
 27703 | Snake:1  | Entered Level 1 of the Snake Pit
 28305 | Snake:1  | You are sucked into a shaft and drop 1 floor!
 28691 | Snake:2  | Noticed Azrael
 28751 | Snake:2  | Found a runed translucent door.
 29411 | Snake:1  | Identified the +1 ring mail "Dilan" {Dex+4}
 29745 | Snake:1  | Killed Azrael
 30428 | Snake:2  | Reached XP level 18. HP: 126/126 MP: 20/34
 30689 | Snake:2  | Identified the ring of Ahiol {rF+ rC+ rN+ Str+5 Dex-3}
 30964 | Snake:3  | Reached skill level 13 in Fire Magic
 31458 | Snake:3  | Found a burning altar of Makhleb.
 32015 | Snake:4  | Entered Level 4 of the Snake Pit
 32188 | Snake:4  | Offered knowledge of Lehudib's Crystal Spear by Vehumet.
 32188 | Snake:4  | Offered knowledge of Fire Storm by Vehumet.
 32188 | Snake:4  | Offered knowledge of Shatter by Vehumet.
 32412 | Snake:4  | Learned a level 8 spell: Lehudib's Crystal Spear
 32504 | Snake:4  | Noticed Kirke
 32522 | Snake:4  | Killed Kirke
 33200 | Snake:4  | Noticed a quicksilver dragon
 33200 | Snake:4  | Noticed a quicksilver dragon
 33213 | Snake:4  | Killed a quicksilver dragon
 33215 | Snake:4  | Killed a quicksilver dragon
 33359 | Snake:4  | Got a serpentine rune of Zot
 33499 | Snake:4  | Reached skill level 14 in Fire Magic
 33556 | Snake:4  | Reached XP level 19. HP: 135/135 MP: 11/36
 33763 | Snake:4  | Found a snail-covered altar of Cheibriados.
 35382 | D:13     | Found a gate to the Vaults.
 35604 | D:14     | Found Bulop's Distillery.
 35610 | D:14     | Bought 2 potions of heal wounds for 160 gold pieces
 35610 | D:14     | Bought 2 potions of heal wounds for 160 gold pieces
 35610 | D:14     | Bought a potion of curing for 48 gold pieces
 35878 | D:14     | Found Kuafyih's Antique Armour Shoppe.
 36034 | D:14     | Found Bach's Antique Armour Boutique.
 36041 | D:14     | Bought a kite shield for 135 gold pieces
 36277 | D:15     | Entered Level 15 of the Dungeon
 36359 | D:15     | Reached skill level 1 in Shields
 36746 | D:15     | Found a staircase to the Depths.
 37235 | Vaults:1 | Entered Level 1 of the Vaults
 38238 | Vaults:1 | Reached skill level 5 in Shields
 38901 | Vaults:2 | Reached XP level 20. HP: 144/144 MP: 38/38
 39045 | Vaults:2 | Reached skill level 15 in Fire Magic
 39494 | Vaults:2 | Noticed a bone dragon
 39503 | Vaults:2 | Killed a bone dragon
 39531 | Vaults:2 | Found a staircase to the Crypt.
 39749 | Vaults:2 | Found a large runed translucent door.
 39749 | Vaults:2 | Found a large runed translucent door.
 39750 | Vaults:2 | Noticed raetorn's ghost (adept FeSu)
 39756 | Vaults:2 | Killed raetorn's ghost
 39793 | Vaults:2 | Identified the +8 dagger of Reapportionment {vorpal, rF-
                  | rCorr Int+4}
 39834 | Vaults:2 | Noticed Jory
 39843 | Vaults:2 | Killed Jory
 39905 | Vaults:2 | Found Reogez's Antique Armour Shop.
 40447 | Vaults:3 | Found Lubot's Distillery.
 40468 | Vaults:3 | Annihilated by an enormous slime creature

Illustrated notes

Levels and vault maps discovered:
D:1:      tarquinn_simple_flora_water_f, layout_loops_ring,
          shapermc_ecumenical_altar_mp_vishouse, minmay_misc_feat_rugged
D:2:      layout_basic, minmay_crystal_water
D:3:      layout_basic, hellmonk_ghost_happy_afterlife,
          minmay_tree_intersection, uniq_sigmund, uniq_terence
D:4:      layout_cave_pools, minmay_starry_boxes
D:5:      gammafunk_cloud_chamber, layout_rooms, minmay_temple_entry_mini_moons,
          serial_glass, glass_columns_c, glass_columns_b
D:6:      layout_loops_ring, amethyst_killhole
D:7:      layout_loops_ring, nicolae_overflow_crystal_walls, lemuel_tele_altar,
          chequers_serial_rivers_large_b
D:8:      layout_basic, lair_entry_dummy, nicolae_figureground_pulse
D:9:      layout_grid_maze, nicolae_overflow_hidden_temple,
          overflow_temple_1_default, enter_bailey_5, uniq_joseph
D:10:     layout_basic, uniq_urug, uniq_maggie
D:11:     layout_stronghold, david_orc_4, portal_ice_cave_entry_imps,
          hangedman_abyss_or_decor_stabs, uniq_snorg
D:12:     minmay_the_grid_octo_tiled_squarecenter_mashed
          [minmay_the_grid_octo_fat_diamond, minmay_the_grid_octo_clover,
          minmay_the_grid_octo_77, minmay_the_grid_octo_thin_diamonds,
          minmay_the_grid_square_5x5_megaprize_diamond,
          minmay_the_grid_square_5x5_three_small,
          minmay_the_grid_square_5x5_tetrominoes,
          minmay_the_grid_square_5x5_bracketed,
          minmay_the_grid_square_5x5_plus], layout_loops_cross,
          nicolae_elevator_lobby_asterisk
D:13:     layout_stronghold, david_vaults_1, hangedman_decor_opposing
D:14:     layout_loops_ring, serial_shops, nicolae_shop_statue_plus,
          nicolae_shop_trees, nicolae_lakefront_shop,
          infiniplex_staircase_spiral
D:15:     hangedman_depths_entry_try_elsewhere_first, layout_gridville,
          grunt_ministairs_8
Temple:   minmay_crystal_spiral_temple
Lair:1:   layout_chaotic_city, cheibrodos_lair_lostbears,
          infiniplex_staircase_pool
Lair:2:   layout_chaotic_city, minmay_shoals_entry_hut, wad_woods_road_01
Lair:3:   layout_regular_city, dummy_snake_entry, chequers_serial_rivers_marsh,
          chequers_serial_rivers_micro_e, small_statue_intersection,
          beast_lair_carwin_9, uniq_fannar
Lair:4:   layout_cave_pods, grunt_megastairs_4, infiniplex_staircase_pool_2
Lair:5:   minmay_lair_end_frog_pond, layout_regular_city, slime_entry_1,
          enter_volcano_1, chequers_serial_rivers_small_b, st_stairs_8,
          lemuel_fruit_fields
Shoals:1: layout_shoals, serial_shops, bzr_entry_road
Shoals:2: layout_shoals
Shoals:3: layout_shoals, gammafunk_ghost_wrathful_warriors,
          nicolae_shoals_enchanted_isle, uniq_ilsuiw
Shoals:4: shoals_end_hellmonk_storm_palace [storm_palace_center_ruins,
          storm_palace_corner_pillars, storm_palace_corner_reverse_hut,
          storm_palace_corner_grid, storm_palace_corner_narrow],
          uniq_polyphemus, uniq_aizul
Snake:1:  layout_grid_maze, nicolae_snake_gridmaze_big_u
Snake:2:  cheibrodos_toxic_ritual, layout_onion, nicolae_fountain_basement,
          nicolae_triple_integral, uniq_azrael
Snake:3:  layout_gridlike, basic_altar, serial_corexii_hall,
          chequers_hall_statues_wall_a, corexii_hall_statues_deadend,
          hangedman_snake_corridor_cut, serial_bayou_shore_a
Snake:4:  hellmonk_snake_rune_quicksilver_temple, layout_chambers, basic_altar,
          grunt_megastairs_1, uniq_kirke
Orc:1:    layout_caves, basic_altar
Orc:2:    st_orc_town, layout_caves, uniq_jorgrun
Vaults:1: ontoclasm_vaults_decontamination, hangedman_vaults_impose,
          vaults_room_fancy_cross, v_misc_9, hangedman_vaults_corner,
          vaults_standard_mumra_x, nicolae_vaults_little_squares_1,
          vaults_standard_mumra_lines, v_misc_4,
          hangedman_vaults_stretched_pinwheel, vaults_room_grunt_arrival_ludios,
          layout_vaults_omnicross
Vaults:2: ebering_ghost_disaster_area, minmay_crypt_entry_nasty_monster,
          v_misc_4, v_pattern_5, nicolae_vaults_twisting_passages, v_misc_33,
          ontoclasm_vaults_loading_screen, nicolae_vaults_ninety_degrees,
          ontoclasm_vaults_ligature, v_misc_24, vaults_mumra_lcd, v_misc_26,
          nicolae_vaults_rhombus_5, layout_vaults_ring, serial_shops,
          nicolae_shop_crystal, uniq_jory
Vaults:3: nicolae_vaults_quartermaster, nicolae_vaults_little_squares_4,
          nicolae_vaults_network_star, nicolae_vaults_network_barrier, v_misc_2,
          v_misc_14, v_misc_19, hangedman_vaults_capsules, vaults_room_boxed,
          nicolae_vaults_stairing_the_circle, vaults_room_semicircle,
          ontoclasm_vaults_misaligned, nicolae_vaults_rhombus_6,
          ontoclasm_vaults_gateway, layout_vaults_maze_bifur, serial_shops,
          nicolae_diamond_shop

Skill      XL: |  1  2  3  4  5  6  7  8  9 10 11 12 13 14 15 16 17 18 19 20 |
---------------+-------------------------------------------------------------+-----
Stealth        | 3 |  3.3
Fighting       | 1 2 3 4 6 7 8 10 11 13 14 | 14.7
Spellcasting   | 3 4 6 7 8 9 11 12 13 14 | 14.9
Summonings     | 5 6 7 8 9 10 11 | 11.0
Air Magic      | 4 6 8 |  8.0
Earth Magic    | 4 6 9 11 12 | 12.0
Transmutations | 4 6 9 11 | 11.3
Fire Magic     | 4 8 9 11 12 14 15 | 15.2
Conjurations   | 4 7 10 13 14 | 14.6
Shields        | 5 7 |  7.6
Dodging        | |  2.0

Action                   |  1- 3 |  4- 6 |  7- 9 | 10-12 | 13-15 | 16-18 | 19-21 || total
-------------------------+-------+-------+-------+-------+-------+-------+-------++-------
Melee: Unarmed           |    24 |       |       |       |       |       |       ||    24
       Tentacles         |    17 |    24 |    34 |    35 |   110 |   142 |   105 ||   467
       Constrict         |    15 |    23 |    23 |    15 |    72 |    51 |    21 ||   220
       Short sword       |    65 |   111 |    76 |       |       |       |       ||   252
       Punch             |       |     1 |     2 |     2 |     8 |     6 |     6 ||    25
       Spear             |       |       |    94 |   229 |   523 |   713 |   329 ||  1888
 Cast: Summon Small Mamm |     3 |       |       |       |       |       |       ||     3
       Call Imp          |     2 |    12 |    34 |    41 |    60 |    79 |    14 ||   242
       Call Canine Famil |       |     7 |    34 |    37 |    64 |    82 |    26 ||   250
       Summon Lightning  |       |       |    11 |    54 |    50 |    50 |    11 ||   176
       Summon Guardian G |       |       |     6 |    48 |    63 |    64 |    35 ||   216
       Lee's Rapid Decon |       |       |       |    24 |    34 |    56 |    24 ||   138
       Statue Form       |       |       |       |     4 |    39 |    73 |    54 ||   170
       Foxfire           |       |       |       |     4 |    24 |     8 |     3 ||    39
       Fireball          |       |       |       |       |    16 |    38 |    34 ||    88
       Spellforged Servi |       |       |       |       |       |    43 |    39 ||    82
  Use: Scroll            |       |     9 |     6 |     3 |    11 |     4 |     1 ||    34
       Potion            |       |       |       |     4 |       |     7 |       ||    11
 Stab: Sleeping          |     9 |     6 |     4 |     3 |     8 |     5 |     3 ||    38
       Distracted        |     1 |       |     1 |     5 |    20 |    16 |     7 ||    50
       Petrified         |       |       |       |       |     1 |       |       ||     1
Armor: Skin              |     8 |     9 |     4 |    18 |   258 |   796 |   213 ||  1306
Dodge: Dodged            |    49 |   115 |    81 |   166 |   432 |   681 |   173 ||  1697
Block: Kite shield       |       |       |       |       |       |       |   165 ||   165
